Map: Abyssal Reef LE

Players

Lucky

  • Race: Zerg Zerg
  • League: Diamond
  • Spawn Location: 5:00

LaFantome - Winner!

  • Race: Zerg Zerg
  • Spawn Location: 11:00

VOD

Have the link to the VOD?

Description

Time

  • Played on: Dec. 2, 2017, 2:40 p.m.
  • Length: 11:22
Show
View Real Time Build Order
Export as new Build Order

Lucky Zerg 

Build Orders: Hatch First 

Get SALT Encoding   

  12  0:00  Drone  
  13  0:13  Overlord  
  13  0:19  Drone  
  14  0:32  Drone x2  
  16  0:35  Drone  
  17  0:53  Hatchery  
  17  0:56  Drone  
  17  1:00  Drone  
  17  1:02  Extractor  
  17  1:15  Spawning Pool  
  16  1:18  Drone  
  16  1:25  Drone  
  18  1:29  Overlord  
  18  1:39  Drone  
  19  1:50  Drone  
  20  2:02  Queen  
  20  2:04  Queen  
  20  2:05  Metabolic Boost  
  20  2:08  Zergling x2  
  25  2:12  Drone  
  25  2:15  Drone  
  27  2:18  Drone  
  28  2:28  Roach Warren  
  27  2:31  Zergling x2  
  28  2:37  Drone  
  28  2:40  Drone x2  
  31  2:50  Drone x2  
  33  3:02  Overlord  
  33  3:03  Overlord  
  33  3:17  Drone x3  
  33  3:19  Hatchery  
  35  3:24  Roach  
  35  3:26  Roach  
  39  3:36  Roach  
  39  3:37  Roach x2  
  39  3:40  Drone  
  39  3:41  Drone  
  47  3:51  Evolution Chamber, Drone x2  
  47  3:52  Overlord  
  48  3:56  Drone x3  
  51  4:05  Lair  
  51  4:12  Roach x3  
  57  4:19  Drone x2  
  57  4:20  Extractor  
  58  4:25  Roach  
  58  4:28  Overlord  
  58  4:29  Overlord  
  60  4:34  Queen  
  60  4:35  Drone  
  60  4:36  Drone x3  
  66  4:48  Roach x4  
  66  4:49  Roach  
  76  4:53  Drone x2  
  78  5:00  Overlord x2  
  78  5:13  Spine Crawler  
  77  5:15  Overlord x3  
  77  5:17  Glial Reconstitution  
  77  5:21  Drone  
  77  5:22  Drone x4  
  81  5:38  Roach x4  
  81  5:42  Drone  
  90  5:43  Drone x2  
  90  5:45  Extractor, Drone  
  90  5:46  Drone x4  
  90  5:49  Extractor  
  95  5:56  Zerg Missile Weapons Level 1  
  95  6:00  Evolution Chamber  
  94  6:05  Extractor  
  94  6:07  Drone x4  
  94  6:09  Drone x2  
  99  6:14  Drone x4  
  99  6:15  Extractor, Overlord x2  
  99  6:16  Overlord  
  102  6:20  Overseer  
  102  6:26  Zerg Ground Armor Level 1  
  102  6:38  Roach x4, Drone  
  111  6:41  Queen  
  113  6:51  Drone  
  113  6:52  Drone  
  115  6:57  Infestation Pit  
  115  6:58  Drone x2  
  115  7:00  Drone x2  
  118  7:04  Roach  
  118  7:05  Roach x8  
  136  7:14  Overlord  
  136  7:15  Overlord x3  
  127  7:31  Roach  
  127  7:32  Roach x5  
  135  7:42  Roach x4  
  135  7:49  Roach x5  
  135  7:50  Roach  
  147  7:56  Roach x4  
  155  7:59  Hive  
  155  8:06  Roach x3  
  155  8:12  Hatchery  
  160  8:13  Spine Crawler  
  160  8:14  Spine Crawler  
  140  8:34  Roach  
  140  8:35  Roach x14  
  138  8:54  Overseer  
  135  9:05  Drone  
  135  9:06  Drone x9  
  121  9:20  Drone x2  
  106  10:03  Drone x2  
Show
View Real Time Build Order
Export as new Build Order

LaFantome Zerg - Winner!

Build Orders: Hatch First 

Get SALT Encoding   

  12  0:03  Drone  
  13  0:13  Overlord  
  13  0:17  Drone  
  14  0:32  Drone x2  
  17  0:35  Drone  
  17  0:53  Hatchery  
  16  0:58  Drone  
  16  1:00  Drone  
  18  1:12  Extractor  
  18  1:16  Spawning Pool  
  16  1:18  Drone  
  16  1:21  Drone  
  18  1:29  Drone  
  19  1:39  Overlord  
  19  2:02  Zergling x4  
  19  2:05  Queen x2  
  25  2:14  Metabolic Boost  
  25  2:17  Drone  
  25  2:18  Drone x2  
  28  2:32  Drone  
  28  2:33  Drone  
  28  2:37  Drone  
  31  2:43  Baneling Nest  
  30  2:46  Queen  
  30  2:49  Overlord  
  31  3:04  Drone  
  31  3:05  Drone x2  
  35  3:08  Roach Warren, Drone x2  
  36  3:18  Hatchery  
  35  3:26  Drone  
  36  3:27  Drone x3  
  36  3:28  Drone  
  36  3:31  Extractor  
  39  3:34  Extractor  
  39  3:38  Evolution Chamber  
  39  3:40  Lair  
  37  3:44  Overlord  
  37  3:52  Drone  
  37  3:53  Drone x2  
  37  3:54  Drone x2  
  42  3:56  Drone  
  43  4:06  Drone  
  43  4:07  Drone x4  
  48  4:14  Overlord  
  48  4:18  Overlord  
  48  4:23  Drone  
  49  4:34  Overlord  
  49  4:43  Drone  
  49  4:44  Drone x6  
  56  4:46  Overlord  
  56  4:52  Roach x2  
  60  4:59  Roach  
  62  5:00  Roach x6  
  62  5:03  Zerg Missile Weapons Level 1  
  62  5:04  Glial Reconstitution  
  62  5:06  Roach x2  
  78  5:09  Roach  
  80  5:18  Roach x4  
  80  5:21  Overlord  
  88  5:25  Overlord x2  
  87  5:39  Drone x3  
  87  5:40  Drone x4  
  94  5:49  Hatchery  
  93  5:51  Overlord x3  
  93  5:56  Drone x2  
  96  5:57  Drone x4  
  96  6:00  Extractor  
  96  6:03  Extractor  
  97  6:08  Overlord  
  97  6:10  Drone x3  
  100  6:11  Drone  
  100  6:18  Hydralisk Den  
  100  6:24  Tunneling Claws  
  100  6:27  Burrow  
  100  6:36  Drone  
  100  6:37  Roach  
  100  6:38  Roach x11  
  125  6:40  Overlord  
  125  6:41  Overlord  
  125  6:54  Lurker Den  
  124  7:10  Roach x2  
  124  7:11  Roach x7  
  138  7:32  Roach x3  
  138  7:33  Roach x4  
  138  7:36  Roach x4  
  148  7:43  Roach x3  
  148  7:44  Roach x2  
  144  8:05  Roach  
  146  8:06  Roach x10  
  146  8:11  Roach x7  
  146  8:12  Roach x9  
  166  8:22  Roach  
  166  8:24  Overlord x4  
  168  8:32  Roach x9  
  168  8:36  Roach  
  164  8:46  Roach x7  
  164  8:47  Roach x9  
  162  8:59  Roach  
  162  9:00  Roach x17  
  198  9:16  Roach x6  
  200  9:21  Roach x5  
  200  9:23  Queen  
  200  9:24  Roach  
  200  9:25  Roach  
  198  9:43  Roach  
  194  9:48  Roach  
  194  9:49  Roach x2  
  188  10:17  Infestation Pit  
  188  10:18  Drone  
  188  10:19  Drone x12  
  200  10:22  Extractor  
  200  10:23  Extractor  
  188  10:41  Hydralisk  
  188  10:42  Hydralisk x5  
Tags
 
Add a new tag
Caveats
  • Supply blocks, unpowered buildings, or Contaminate may cause inaccurate times.
  • Supply counts are checked every 10 seconds.